cohdb
Replays
Latest Replays
All Replays
Popular Replays
Top Player Replays
Match Explorer
How It Works
Community
CoH3 Stats
Reddit
Sign in to upload your games and track your stats! →
Sign in with Steam
Match 47039743
Unlisted
Match 47039743
Overview
Messages
Build Orders
End
Royal Engineer Section
Construct Section Command Post
Infantry Section
Dingo Light Scout Car
Infantry Section
Grenade Package
Construct Platoon Command Post
Humber Armored Car
Selects Canadian Shock Battlegroup
Selects Canadian Shock Battlegroup
Selects Attacking Spirit
Selects Canadian Shock Section
Construct Field Infirmary
6-pounder Anti-tank Gun Team
Canadian Shock Section
Selects Incendiary Munitions
Selects Pyrotechnics
Infantry Section
Vickers Machine Gun Team
Infantry Training
6-pounder Anti-tank Gun Team
[LoB]Fagio
Willaguy
0
0
Comments
sign in to comment!
No comments posted yet!